 Dungeon Crawl Stone Soup version 0.26-a0-812-g31a745ddcd (webtiles) character file.

Game seed: 6949245673726593465

115 sanka the Covert (level 4, 0/21 HPs)
             Began as a Spriggan Enchanter on Dec 9, 2020.
             Slain by an orc
             ... wielding a +0 mace
              (8 damage)
             ... on level 3 of the Dungeon.
             The game lasted 00:03:33 (2827 turns).

sanka the Covert (Spriggan Enchanter)               Turns: 2827, Time: 00:03:33

Health: 0/21       AC:  2    Str:  4    XL:     4   Next: 68%
Magic:  9/9        EV: 19    Int: 16    God:
Gold:   106        SH:  0    Dex: 23    Spells: 2/8 levels left

rFire    . . .     SeeInvis +   a - +1 dagger (elec)
rCold    . . .     Faith    .   (shield restricted)
rNeg     . . .     Spirit   .   b - +0 robe
rPois    .         Reflect  .   (helmet restricted)
rElec    .         Harm     .   (no cloak)
rCorr    .         Rampage  .   (gloves unavailable)
MR       .....                  (boots unavailable)
Stlth    ++++......             (no amulet)
HPRegen  0.07/turn              (no ring)
MPRegen  0.11/turn              l - +6 ring of dexterity

@: very quick
A: very small, unfitting armour, see invisible, speed 3
a: no special abilities


You were on level 3 of the Dungeon.
You visited 1 branch of the dungeon, and saw 3 of its levels.

You collected 106 gold pieces.


Innate Abilities, Weirdness & Mutations

You are very small and have problems with some larger weapons.
You are too small for most types of armour.
You have supernaturally acute eyesight. (SInv)
You cover ground extremely quickly.


   Skills:
 + Level 2.2 Short Blades
 - Level 3.0 Dodging
 - Level 8.0 Stealth
 - Level 2.6 Spellcasting
 - Level 3.6 Hexes


You had 2 spell levels left.
You knew the following spells:

 Your Spells              Type           Power        Failure   Level
z - Ensorcelled Hibernat  Hex/Ice        #.....       14%         2
X - Confusing Touch       Hex            ##......     13%         3
Z - Corona                Hex            ##.....      4%          1

Your spell library contained the following spells:

 Spells                   Type           Power        Failure   Level
 Tukima's Dance           Hex            ##......     13%         3
 Dazzling Flash           Conj/Hex       #.....       28%         3

Inventory:

Hand Weapons
 a - a +1 dagger of electrocution (weapon)
 d - a +1 dagger
Armour
 b - a +0 robe (worn)
 p - a +0 cloak
Jewellery
 l - a +6 ring of dexterity (right hand)
Scrolls
 c - 3 scrolls of teleportation {unknown}
 e - 4 scrolls of blinking {unknown}
 f - 2 scrolls of remove curse {unknown}
 g - 2 scrolls of identify {unknown}
 i - a scroll of noise {unknown}
 k - a scroll of fog {unknown}
 m - a scroll of enchant armour {unknown}
 q - a scroll of enchant weapon {unknown}
Potions
 h - a potion of attraction {!q}
 j - a potion of invisibility {unknown}
 o - a potion of ambrosia {unknown}

Dungeon Overview and Level Annotations

Branches:
Dungeon (3/15)

Altars:
Sif Muna
Uskayaw

▒ ▒▒▒ ▒.......▒ . ..▒
▒.......▒ .. ▒.▒
▒.......▒ ..▒▒▒▒.▒▒
▒.....▒ ...)....▒
▒...▒ ..▒.▒▒..▒
▒▒▒▒..▒▒
....▒▒.o▒▒▒.....o▒▒▒▒
.?.o...o...o....i...+
...o..(o▒▒▒.▒▒..o▒▒▒▒
▒.▒▒▒▒▒.▒ ▒.▒▒..▒▒ ▒
▒.▒ ▒.▒▒..▒ ?.▒
▒.▒▒..▒ ▒▒▒ ▒.....▒
▒▒▒▒.▒▒ ▒.▒ ▒.▒


You could see an orc priest and 2 orcs.


Message History

Aiming: Ensorcelled Hibernation (safe; 14% risk of failure)
Aim: an orc wizard, wielding a +0 dagger and wearing a +0 robe (severely wounded, slightly transparent, chance to defeat MR: 38%)
The orc wizard resists with some effort.
The orc wizard closely misses you.
You hit the orc wizard.
The orc wizard is severely wounded.
The orc wizard completely misses you.
You hit the orc wizard.
The orc wizard is almost dead.
The orc wizard hits you but does no damage.
You hit the orc wizard.
You kill the orc wizard!
Your Short Blades skill increases to level 2!
Things that are here:
a +0 dagger; a +0 robe; an orc corpse You start resting.
You feel less attractive to monsters.
You start resting.
Magic restored.
HP restored.
There is a stone staircase leading down here.
You climb downwards.
The orc closely misses you.
The orc priest calls down the wrath of Beogh upon you.
Beogh smites you!
Ouch! That really hurt!
* * * LOW HITPOINT WARNING * * *
There is a stone staircase leading up here.
The orc hits you with a +0 mace!
You die...

Action                   |  1- 3 |  4- 6 || total
-------------------------+-------+-------++-------
Melee: Dagger            |    83 |    20 ||   103
 Cast: Corona            |     3 |       ||     3
       Ensorcelled Hiber |     8 |     9 ||    17
       Confusing Touch   |     1 |       ||     1
  Use: Potion            |       |     2 ||     2
 Stab: Sleeping          |    18 |       ||    18
       Confused          |     2 |       ||     2
       Distracted        |     1 |       ||     1
Armor: Robe              |     7 |     1 ||     8
Dodge: Dodged            |    40 |    31 ||    71

Levels and vault maps discovered:
D:1:      evilmike_arrival_come_back, layout_basic, grunt_decor_fettered,
          minmay_cut_off
D:2:      layout_loops_corners, led_sif_pool, eat_drink_and_be_merry_uskayaw
D:3:      layout_loops_corners

Notes
Turn   | Place    | Note
-------+----------+-------------------------------------------
     0 | D:1      | sanka the Spriggan Enchanter began the quest for the Orb.
     0 | D:1      | Reached XP level 1. HP: 9/9 MP: 5/5
    10 | D:1      | Noticed a bullfrog
   231 | D:1      | Reached skill level 5 in Stealth
   507 | D:1      | Reached XP level 2. HP: 10/13 MP: 4/6
   566 | D:1      | Learned a level 2 spell: Ensorcelled Hibernation
   595 | D:1      | Reached skill level 6 in Stealth
  1321 | D:1      | Reached XP level 3. HP: 16/16 MP: 8/8
  1623 | D:2      | Learned a level 3 spell: Confusing Touch
  2054 | D:2      | Reached skill level 7 in Stealth
  2222 | D:2      | Found a hide-covered altar of Uskayaw.
  2352 | D:2      | Found a shimmering blue altar of Sif Muna.
  2463 | D:3      | Reached skill level 8 in Stealth
  2463 | D:3      | Reached XP level 4. HP: 11/21 MP: 2/9
  2749 | D:2      | Reached skill level 2 in Short Blades
  2827 | D:3      | Slain by an orc

Vanquished Creatures
  A bullfrog skeleton (D:3)
  An orc wizard (D:2)
  A gnoll (D:1)
  An adder (D:2)
  2 dart slugs (D:2)
  3 leopard geckos (D:2)
  4 bats
  A giant cockroach (D:1)
  5 goblins
  8 hobgoblins
  A frilled lizard (D:1)
  4 kobolds
  3 rats
35 creatures vanquished.
